 Dungeon Crawl Stone Soup version 0.32-a0-995-gb4a59205af (webtiles) character file.

Game seed: 18301005647896198110

394 Cedruin the Chopper (level 6, -4/53 HPs)
             Began as a Mountain Dwarf Fighter on Apr 22, 2024.
             Was an Initiate of Okawaru.
             Slain by a gnoll
             ... wielding a +0 halberd
              (6 damage)
             ... on level 4 of the Dungeon.
             The game lasted 00:08:35 (4093 turns).

Cedruin the Chopper (Mountain Dwarf Fighter)        Turns: 4093, Time: 00:08:35

Health: -4/53      AC:  8    Str: 19    XL:     6   Next: 52%
Magic:  6/6        EV:  8    Int:  8    God:    Okawaru [......]
Gold:   173        SH:  5    Dex: 17    Spells: 5/5 levels left

rFire   . . .        a - +0 war axe
rCold   . . .        c - +0 buckler
rNeg    . . .        b - +0 scale mail
rPois   .            (no helmet)
rElec   .            n - +0 cloak
rCorr   .            (no gloves)
SInv    .            (no boots)
Will    .....        (no amulet) Stlth
                     h - +6 ring of dexterity
HPRegen 0.28/turn    (no ring)
MPRegen 0.10/turn

%: no passive effects
@: no status effects
A: runic magic, artefact enchanting
a: Renounce Religion


You were on level 4 of the Dungeon.
You worshipped Okawaru.
Okawaru was noncommittal.
You visited 2 branches of the dungeon, and saw 5 of its levels.

You collected 173 gold pieces.

Inventory:

Hand Weapons
 a - a +0 war axe (weapon)
Missiles
 l - 2 boomerangs (quivered)
 o - 5 javelins
Armour
 b - a +0 scale mail (worn)
 c - a +0 buckler (worn)
 n - a +0 cloak (worn)
Jewellery
 h - a +6 ring of dexterity (left hand)
Talismans
 g - a blade talisman
Wands
 k - a wand of flame (17)
 p - a wand of iceblast (6)
Scrolls
 e - 2 scrolls of teleportation
Potions
 d - a potion of might
 f - a potion of mutation
 i - a potion of resistance
 j - a potion of heal wounds
 m - a potion of enlightenment {unknown}


   Skills:
 + Level 4.6 Fighting
 * Level 5.6 Axes
 + Level 4.6 Armour
 + Level 4.6 Shields


You had 5 spell levels left.
You didn't know any spells.
Your spell library contained the following spells:

 Spells                   Type           Power      Damage    Failure   Level
 Ensorcelled Hibernation  Hex/Ice        0%         N/A       71%         2
 Passwall                 Erth           0%         N/A       91%         3
 Swiftness                Air            0%         N/A       91%         3
 Petrify                  Alch/Erth      0%         N/A       100%        4
 Irradiate                Conj/Alch      0%         3d11      100%        5
 Fulsome Fusillade        Conj/Alch      0%         (3-5)d4   100%        8
 Summon Small Mammal      Summ           Unusable   N/A       N/A         1
 Call Canine Familiar     Summ           Unusable   N/A       N/A         3
 Summon Blazeheart Golem  Fire/Summ      Unusable   N/A       N/A         4

Dungeon Overview and Level Annotations

Branches:
Dungeon (4/15)             Temple (1/1) D:4

Altars:
Ashenzari
Cheibriados
Elyvilon
Fedhas
Gozag
Hepliaklqana
Kikubaaqudgha
Makhleb
Okawaru
Qazlal
Ru
Sif Muna
Trog
Uskayaw
The Shining One


Innate Abilities, Weirdness & Mutations

Your spellcasting is much less encumbered by armour.
You can use scrolls of enchantment on lesser artefacts.


Message History

You kill the gnoll!
Okawaru accepts your kill.
The gnoll hits you from afar with a +0 halberd.
The gnoll closely misses you. You block the gnoll's attack.
You hit the gnoll.
The gnoll is lightly wounded.
You hit the gnoll. The gnoll closely misses you.
The gnoll hits you with a +0 halberd!
You hit the gnoll but do no damage.
The gnoll is lightly wounded.
You barely miss the gnoll. The gnoll closely misses you.
The gnoll hits you but does no damage.
You barely miss the gnoll.
The gnoll is lightly wounded.
You barely miss the gnoll. The gnoll hits you with a +0 whip.
You block the gnoll's attack. The gnoll closely misses you.
The gnoll hits you with a +0 halberd.
You closely miss the gnoll.
The gnoll is lightly wounded.
You closely miss the gnoll. You block the gnoll's attack.
The gnoll hits you with a +0 whip.
You are too injured to fight recklessly!
You are too injured to fight recklessly!
You are too injured to fight recklessly!
You closely miss the gnoll.
The gnoll is lightly wounded.
You hit the gnoll. The gnoll hits you but does no damage.
The gnoll hits you with a +0 halberd!
You slash the gnoll!
You kill the gnoll!
Okawaru accepts your kill.
You hit the gnoll. The gnoll hits you with a +0 halberd!
* * * LOW HITPOINT WARNING * * *
The gnoll hits you with a +0 halberd.
* * * LOW HITPOINT WARNING * * *
You see here a +0 whip.
You closely miss the gnoll.
The gnoll is almost dead.
The gnoll hits you but does no damage. The gnoll hits you with a +0 halberd.
You die...

........#.....#.....#......#
........#.....#.....'......#
........#.....#.....#......#
........#.....#.....########
........#.....#.....#......#
........#.....#.....#......'
#.......#..)..#.....#......#
#.......#.....#.....#......#
#.......#..@g.#.....#......#
#.......#.....#.....#......#
#.......#.....#.....#......#
#.......#.....#.....########
#.......#.....#.....# #
#.......#.....#.....# #
#......)#######.....# #
#.......'.....#.....########
#.......#.....#.............


You could see a gnoll.

Vanquished Creatures
  A scorpion (D:4)
  Crazy Yiuf (D:2)
  A hound (D:4)
  2 iguanas (D:4)
  An orc wizard (D:3)
  Natasha (thrice) (D:2)
  2 gnolls (D:4)
  3 adders
  3 dart slugs
  3 ribbon worms
  4 orcs
  6 endoplasms
  3 giant cockroaches
  6 hobgoblins
  5 jackals
  2 quokkas
  3 ball pythons
  4 bats
  A frilled lizard (D:2)
  10 goblins
  3 kobolds
  4 rats
71 creatures vanquished.

Notes
Turn   | Place    | Note
-------+----------+-------------------------------------------
     0 | D:1      | Cedruin the Mountain Dwarf Fighter began the quest for the
                  | Orb.
     0 | D:1      | Reached XP level 1. HP: 19/19 MP: 1/1
   435 | D:1      | Reached XP level 2. HP: 23/26 MP: 2/2
   550 | D:1      | Reached skill level 3 in Axes
  1151 | D:2      | Noticed Natasha
  1163 | D:2      | Killed Natasha
  1164 | D:2      | Reached XP level 3. HP: 13/33 MP: 3/3
  1191 | D:2      | Noticed Natasha
  1263 | D:2      | Killed Natasha
  1264 | D:2      | Reached XP level 4. HP: 33/40 MP: 4/4
  1353 | D:2      | Reached skill level 4 in Axes
  1493 | D:2      | Noticed Natasha
  1510 | D:2      | Killed Natasha
  2178 | D:2      | Found a runed translucent door.
  2179 | D:2      | Noticed Crazy Yiuf
  2190 | D:2      | Killed Crazy Yiuf
  2191 | D:2      | Reached XP level 5. HP: 35/46 MP: 5/5
  2892 | D:3      | Found a faded altar of an unknown god.
  3177 | D:4      | Found a staircase to the Ecumenical Temple.
  3183 | D:4      | Reached skill level 5 in Axes
  3202 | Temple   | Entered the Ecumenical Temple
  3464 | D:4      | Reached XP level 6. HP: 31/53 MP: 6/6
  3861 | D:4      | Found an iron altar of Okawaru.
  3871 | D:4      | Became a worshipper of Warmaster Okawaru
  4092 | D:4      | HP: 1/53 [gnoll/+0 halberd (2)]
  4093 | D:4      | Slain by a gnoll

Illustrated notes

Levels and vault maps discovered:
D:1:      dpeg_arrival_round_c, layout_loops_ring, serial_forest,
          infiniplex_forest_lined_3, infiniplex_forest_clump_curved,
          infiniplex_forest_lined_2, infiniplex_forest_lined_4_way,
          infiniplex_forest_clump_tiny, infiniplex_forest_zigzag_1,
          infiniplex_forest_end_2, infiniplex_forest_clump_tiny
D:2:      layout_loops_ring, kennysheep_generic_room_16,
          uniq_crazy_yiuf_cottage, uniq_natasha
D:3:      layout_loops_ring, basic_ecumenical_altar, hangedman_feature_mirror,
          kennysheep_generic_room_7
D:4:      layout_gridville, mainiacjoe_overflow_concentric_impassable,
          minmay_temple_entry_statues_fountains, serial_bayou_pond_a
Temple:   minmay_temple_curvy_branch

Skill      XL: |  1  2  3  4  5 |
---------------+----------------+-----
Axes           | 3 4 5 |  5.6
Fighting       | 4 |  4.6
Armour         | 4 |  4.6
Shields        | 4 |  4.6

Action                     |  1- 3 |  4- 6 || total
---------------------------+-------+-------++-------
  Melee: War axe           |   176 |   191 ||   367
    Use: Scroll            |       |     6 ||     6
 Armour: Scale mail        |    60 |   131 ||   191
  Dodge: Dodged            |    30 |    80 ||   110
  Block: Buckler           |    19 |    49 ||    68

Table legend: (Time is in decaauts)
 A = Elapsed time spent in this place.
 B = Non-inter-level travel time spent in this place.
 C = Inter-level travel time spent in this place.
 D = Time resting spent in this place.
 E = Time spent auto-exploring this place.
 F = Levels seen in this place.
 G = Mean time per level.
                   A        B        C        D        E       F      G
               +--------+--------+--------+--------+--------+-----+--------+
         Total |   4239 |   3982 |    257 |     59 |   3089 |   5 |  847.8 |
       Dungeon |   4041 |   3908 |    133 |     59 |   3016 |   4 | 1010.2 |
        Temple |    198 |     74 |    124 |      0 |     73 |   1 |  198.0 |
               +--------+--------+--------+--------+--------+-----+--------+

Top non-repeatable levels by time:
     D:2: 1228 daAuts
     D:1: 1194 daAuts
     D:3: 843 daAuts
     D:4: 774 daAuts
  Temple: 198 daAuts
